 Dungeon Crawl Stone Soup version 0.31-a0-232-gb1c03b2570 (webtiles) character file.

Game seed: 792988748495911755

35 qw the Shooter (level 3, -3/21 HPs)
             Began as a Gargoyle Hexslinger on July 6, 2023.
             Slain by a worm (7 damage)
             ... on level 2 of the Dungeon.
             The game lasted 00:00:21 (511 turns).

qw the Shooter (Gargoyle Hexslinger)                 Turns: 511, Time: 00:00:21

Health: -3/21      AC:  5    Str: 11    XL:     3   Next: 35%
Magic:  4/4        EV: 12    Int: 13    God:
Gold:   64         SH:  0    Dex: 14    Spells: 3/4 levels left

rFire   + . .        e - +1 sling (heavy)
rCold   . . .        (no shield)
rNeg    + . .        c - +0 robe
rPois   inf          (no helmet)
rElec   +            (no cloak)
rCorr   .            (no gloves)
SInv    .            (no boots)
Will    .....        (no amulet)
Stlth   +            g - ring of protection from fire
HPRegen 0.23/turn    (no ring)
MPRegen 0.09/turn

%: no passive effects
@: no status effects
A: sickness immunity, AC +3, negative energy resistance 1, electricity
resistance, torment resistance 1, petrification resistance
a: no special abilities


You were on level 2 of the Dungeon.
You visited 1 branch of the dungeon, and saw 2 of its levels.

You collected 84 gold pieces.
You spent 20 gold pieces at shops.


Innate Abilities, Weirdness & Mutations

You are immune to sickness and miasma.
Your stone body is resilient. (AC +3)
You are immune to poison.
You resist negative energy. (rN+)
You are resistant to electric shocks. (rElec)
You are resistant to unholy torment.
You are immune to petrification.


   Skills:
 - Level 2.0 Fighting
 + Level 3.3 Ranged Weapons
 - Level 1.5 Dodging
 - Level 1.0 Spellcasting
 - Level 2.6 Hexes


You had 3 spell levels left.
You knew the following spells:

 Your Spells              Type           Power      Damage    Failure   Level
a - Slow                  Hex            28%        N/A       10%         1

Your spell library contained the following spells:

 Spells                   Type           Power      Damage    Failure   Level
 Inner Flame              Hex/Fire       4%         N/A       43%         3
 Portal Projectile        Hex/Tloc       8%         N/A       43%         3
 Cause Fear               Hex            3%         N/A       67%         4

Inventory:

Hand Weapons
 e - a +1 heavy sling (weapon)
Armour
 c - a +0 robe (worn)
Jewellery
 g - a ring of protection from fire (left hand)
Scrolls
 f - a scroll of identify

Dungeon Overview and Level Annotations

Branches:
Dungeon (2/15)

Altars:

Shops:
D:1 *


Message History

The worm is lightly wounded.
You shoot a sling bullet.
The sling bullet barely misses the worm.
You shoot a sling bullet.
The sling bullet barely misses the worm.
The worm closely misses you.
You shoot a sling bullet. The sling bullet hits the worm.
The worm is moderately wounded.
The worm bites you.
You shoot a sling bullet.
The sling bullet barely misses the worm.
The worm closely misses you.
You shoot a sling bullet.
The sling bullet barely misses the worm.
The worm closely misses you.
You shoot a sling bullet. The sling bullet hits the worm.
The worm is lightly wounded.
The worm closely misses you.
You shoot a sling bullet. The sling bullet hits the worm!
The worm is heavily wounded.
The worm closely misses you.
You shoot a sling bullet. The sling bullet hits the worm.
The worm is severely wounded.
The worm bites you but does no damage.
You shoot a sling bullet. The sling bullet hits the worm.
The worm is severely wounded.
The worm bites you.
You shoot a sling bullet. The sling bullet hits the worm.
The worm is severely wounded.
The worm bites you.
You shoot a sling bullet. The sling bullet hits the worm.
The worm is severely wounded.
The worm bites you! The worm closely misses you.
You shoot a sling bullet.
The sling bullet completely misses the worm.
The worm bites you.
You shoot a sling bullet. The sling bullet hits the worm.
The worm is almost dead.
The worm bites you!
You die...

#. 7P.P7 ..
#.##7.7# .. #.##..#
##.# #.##.## ...
#.##.# .. #.##.#
.P7.####. #.##.#
7...)w.##.. #....#
#@##..####..#.#
#.##...%%%<#7.7##
#..#......7.....7.
##.#........7.7...
#.#.....7.7...7.7
#.#.........7....
###.......7.7...7.7
#............7.7...
#.##.......7.....7.


You could see a worm.

Vanquished Creatures
  2 dart slugs (D:1)
  5 bats (D:1)
  2 giant cockroaches (D:1)
  4 goblins (D:1)
  A hobgoblin (D:1)
  3 jackals (D:1)
  A kobold (D:1)
  A quokka (D:2)
  7 ball pythons
  A frilled lizard (D:1)
  A rat (D:2)
28 creatures vanquished.

Notes
Turn   | Place    | Note
-------+----------+-------------------------------------------
     0 | D:1      | qw the Gargoyle Hexslinger began the quest for the Orb.
     0 | D:1      | Reached XP level 1. HP: 12/12 MP: 2/2
     0 | D:1      | 0 ||| qw: Version: 0.3-a-46-gb1f654a
     0 | D:1      | 0 ||| qw: Game counter: 1934
     0 | D:1      | 0 ||| qw: Melee chars always use a shield: true
     0 | D:1      | 0 ||| qw: God list: Okawaru
     0 | D:1      | 0 ||| qw: Allow faded altars: false
     0 | D:1      | 0 ||| qw: Do Orc after clearing Dungeon:15 true
     0 | D:1      | 0 ||| qw: Do second Lair branch before Depths: true
     0 | D:1      | 0 ||| qw: Lair rune preference: random
     0 | D:1      | 0 ||| qw: Goals: Normal
     0 | D:1      | 0 ||| PLANNING D:1-11
    44 | D:1      | Reached XP level 2. HP: 16/16 MP: 3/3
    44 | D:1      | Found a faded altar of an unknown god.
    91 | D:1      | Reached skill level 3 in Ranged Weapons
   268 | D:1      | Reached XP level 3. HP: 19/21 MP: 4/4
   290 | D:1      | Found Jaxid's General Store.
   302 | D:1      | 302 ||| SHOPLISTING +0 pair of gloves of the Stonemason
                  | {rF+++ rN+ Will+ Int-5} (458 gold, have 72).
   302 | D:1      | 302 ||| SHOPLISTING +2 helmet of see invisible (215 gold,
                  | have 72).
   302 | D:1      | 302 ||| BUYING scroll of identify (20 gold).
   302 | D:1      | Bought a scroll of identify for 20 gold pieces
   411 | D:1      | 411 ||| UPGRADING to ring of protection from fire.
   412 | D:1      | 412 ||| READING scroll labelled FYOLOXEESUSH.
   413 | D:1      | 413 ||| READING scroll labelled ELOULY DOQOD.
   414 | D:1      | 414 ||| READING scroll labelled PAZXESERUD.
   415 | D:1      | 415 ||| READING scroll labelled GAUCKO GECOYC.
   416 | D:1      | 416 ||| DROPPING scroll of poison.
   509 | D:2      | HP: 5/21 [worm (10)]
   511 | D:2      | Slain by a worm

Levels and vault maps discovered:
D:1:      giann_bridges, layout_basic, dreamdust_ecumenical_altar_statues,
          serial_shops, shop
D:2:      layout_rooms, serial_forest, infiniplex_forest_lined_ring,
          infiniplex_forest_straight_2, infiniplex_forest_end_3,
          infiniplex_forest_pool, infiniplex_forest_clump_large,
          infiniplex_forest_lined_ring, infiniplex_forest_lined_room_2

Skill      XL: |  1  2  3 |
---------------+----------+-----
Ranged Weapons | 3 |  3.3
Fighting       | 2 |  2.0
Dodging        | |  1.5
Spellcasting   | |  1.0
Hexes          | |  2.6

Action                     || total
---------------------------++-------
   Fire: Sling             ||    95
    Use: Scroll            ||     4
 Armour: Robe              ||    16
  Dodge: Dodged            ||    41

Table legend:
 A = Non-vault XP
 B = Vault XP
 C = Vault XP percentage of total XP
 D = Non-vault monster count
 E = Vault monster count
 F = Vault count percentage of total count
                 A         B        C        D         E       F
            +---------+---------+-------+---------+---------+-------
      Total |      51 |       0 |   0.0 |      28 |       0 |   0.0
            +---------+---------+-------+---------+---------+-------
        D:1 |      45 |       0 |   0.0 |      24 |       0 |   0.0
        D:2 |       6 |       0 |   0.0 |       4 |       0 |   0.0
            +---------+---------+-------+---------+---------+-------
